 Dungeon Crawl Stone Soup version 0.26-a0-812-g31a745ddcd (webtiles) character file.

Game seed: 961233529889763919

5651 Apogee the Artisan of Death (level 10, -11/56 HPs)
             Began as a Deep Elf Necromancer on Dec 8, 2020.
             Was a Priest of Kikubaaqudgha.
             Mangled by a centaur warrior (13 damage)
             ... on level 9 of the Dungeon.
             The game lasted 00:31:21 (13877 turns).

Apogee the Artisan of Death (Deep Elf Necromancer) Turns: 13877, Time: 00:31:22

Health: -11/56     AC:  3    Str:  5    XL:     10   Next: 46%
Magic:  23/34      EV: 13    Int: 24    God:    Kikubaaqudgha [***...]
Gold:   577        SH:  0    Dex: 17    Spells: 1/27 levels left

rFire    + . .     SeeInvis .   E - +0 dagger (elec)
rCold    . . .     Faith    .   (no shield)
rNeg     . . .     Spirit   .   a - +0 robe
rPois    .         Reflect  .   c - +0 helmet
rElec    .         Harm     .   l - +0 cloak
rCorr    .         Rampage  .   (no gloves)
MR       +....                  (no boots)
Stlth    +++.......             (no amulet)
HPRegen  0.18/turn              i - ring of protection from fire
MPRegen  0.24/turn              m - ring of magical power

@: no status effects
A: agile 1, deformed body
a: Receive Corpses, Renounce Religion


You were on level 9 of the Dungeon.
You worshipped Kikubaaqudgha.
Kikubaaqudgha was most pleased with you.
You visited 2 branches of the dungeon, and saw 10 of its levels.

You collected 577 gold pieces.

Inventory:

Hand Weapons
 h - a +0 dagger
   (You took it off a goblin on level 1 of the Dungeon)
 A - a +2 whip of electrocution
   (You took it off Pikel on level 5 of the Dungeon)
 E - a +0 dagger of electrocution (weapon)
   (You took it off an orc priest on level 7 of the Dungeon)
Missiles
 b - 296 stones (quivered)
Armour
 a - a +0 robe (worn)
 c - a +0 helmet (worn)
   (You found it on level 1 of the Dungeon)
 l - a +0 cloak (worn)
   (You found it on level 2 of the Dungeon)
Magical Staves
 D - an uncursed staff of air
   (You found it on level 6 of the Dungeon)
Jewellery
 g - a +4 ring of evasion
   (You found it on level 1 of the Dungeon)
 i - a ring of protection from fire (left hand)
   (You found it on level 3 of the Dungeon)
 m - a ring of magical power (right hand)
   (You found it on level 2 of the Dungeon)
 r - an uncursed ring of stealth
   (You found it on level 9 of the Dungeon)
 v - an uncursed ring of positive energy
   (You found it on level 5 of the Dungeon)
 y - an uncursed amulet of guardian spirit
   (You found it on level 5 of the Dungeon)
Wands
 t - a wand of flame (5)
   (You took it off a goblin on level 6 of the Dungeon)
 G - a wand of enslavement (3)
   (You found it on level 8 of the Dungeon)
 I - a wand of polymorph (11)
   (You found it on level 8 of the Dungeon)
Scrolls
 f - 5 scrolls of amnesia
 j - 11 scrolls of remove curse {@r2}
 k - 3 scrolls of magic mapping {unknown}
 o - a scroll of fear {unknown}
 p - 3 scrolls of fog
 q - 2 scrolls of teleportation {unknown}
 w - 3 scrolls of immolation {!r}
 x - 4 scrolls of enchant armour
 z - 3 scrolls of enchant weapon {unknown}
 C - a scroll of brand weapon {unknown}
 F - a scroll of torment {unknown}
 K - a scroll of identify {@r1}
Potions
 d - 3 potions of curing {@q1}
 e - 2 potions of degeneration {!q}
 n - 2 potions of lignification {!q}
 s - a potion of might
 u - 2 potions of mutation {!q}
 B - 5 potions of haste {@q3}
 H - a potion of ambrosia {unknown}
 J - a potion of berserk rage


   Skills:
 + Level 3.0 Fighting
 - Level 2.4 Dodging
 + Level 5.6 Stealth
 - Level 9.0 Spellcasting
 - Level 6.0 Summonings
 - Level 13.4 Necromancy
 - Level 2.0 Translocations
 - Level 4.0 Air Magic


You had one spell level left.
You knew the following spells:

 Your Spells              Type           Power        Failure   Level
a - Pain                  Necr           ####         1%          1
b - Animate Dead          Necr           ######....   1%          4
c - Blink                 Tloc           N/A          3%          2
d - Agony                 Necr           ######..     1%          5
e - Dispel Undead         Necr           ######..     1%          4
q - Vampiric Draining     Necr           ######....   1%          3
u - Animate Skeleton      Necr           ######       1%          1
x - Call Imp              Summ           #####...     1%          2
z - Summon Lightning Spi  Summ/Air       ####....     8%          4

Your spell library contained the following spells:

 Spells                   Type           Power        Failure   Level
 Summon Small Mammal      Summ           ####         1%          1
 Magic Dart               Conj           ##..         6%          1
 Corpse Rot               Necr/Air       N/A          1%          2
 Sublimation of Blood     Necr           ######....   1%          2
 Call Canine Familiar     Summ           #####...     1%          3
 Excruciating Wounds      Necr           ######....   1%          5
 Summon Guardian Golem    Hex/Summ       ####....     4%          3
 Slow                     Hex            ##......     9%          2
 Mephitic Cloud           Conj/Pois/Air  ###.....     10%         3
 Conjure Flame            Conj/Fire      ##......     17%         3
 Summon Ice Beast         Ice/Summ       ####....     17%         4
 Simulacrum               Ice/Necr       #####.....   50%         6


Dungeon Overview and Level Annotations

Branches:
Dungeon (9/15)             Temple (1/1) D:4            Lair (0/6) D:8
    Orc: D:9-12

Altars:
Ashenzari
Cheibriados
Dithmenos
Elyvilon
Gozag
Hepliaklqana
Kikubaaqudgha
Makhleb
Nemelex Xobeh
Qazlal
Ru
Sif Muna
Trog
Uskayaw
Vehumet
Wu Jian
Xom
Yredelemnul
Zin
The Shining One

Annotations:
D:2 exclusion: 2 doors
D:4 exclusions: gnoll and skeleton


Innate Abilities, Weirdness & Mutations

You are agile. (Dex +2)
Armour fits poorly on your strangely shaped body.


Message History

You feel life coursing into your body.
You feel sick.
You feel sick.
You close the door.
You feel sick.
You feel sick.
You feel sick.
You start resting.
You feel sick. x8
You are no longer poisoned.
Things that are here:
a +0 club; a +0 scale mail You open the door.
A hound skeleton comes into view.
A hound skeleton is nearby!
A hound skeleton is nearby!
Okay, then.
The hound skeleton closely misses you.
There is an open door, spattered with blood here.
Aim: a hound skeleton The hound skeleton is dispelled!!!
You destroy the hound skeleton!
Kikubaaqudgha accepts your kill.
A centaur warrior comes into view.
It is wearing the ring of the Worm {+Blink rF+ rC- rN+++ Dex+3}.
Okay, then.
Throwing (i - inventory)
b - 297 stones (quivered)
Aim: a centaur warrior, wearing the ring of the Worm {+Blink rF+ rC- rN+++ Dex+3} and quivering 15 arrows (wandering, hasn't noticed you)
You throw a stone. The centaur warrior shouts!
The stone hits the centaur warrior.
The centaur warrior wields a +0 shortbow.
The centaur warrior shoots an arrow.
The arrow completely misses you.
The centaur warrior shoots an arrow.
The arrow hits you!
An electric hum fills the air.
You start resting.
The centaur warrior unwields a +0 shortbow.
The centaur warrior hits you!
Aim: a centaur warrior, wearing the ring of the Worm {+Blink rF+ rC- rN+++ Dex+3} and quivering 13 arrows Nothing appears to happen.
The centaur warrior closely misses you.
The centaur warrior wields a +0 shortbow.
The centaur warrior shoots an arrow.
The arrow hits you.
* * * LOW HITPOINT WARNING * * *
You see here an arrow.
The centaur warrior unwields a +0 shortbow.
The centaur warrior hits you!
* * * LOW HITPOINT WARNING * * *
The centaur warrior hits you!
* * * LOW HITPOINT WARNING * * *
Aim: a centaur warrior, wearing the ring of the Worm {+Blink rF+ rC- rN+++ Dex+3} and quivering 12 arrows Nothing appears to happen.
The centaur warrior hits you!
You die...
Kikubaaqudgha rasps: "You have failed me!
Welcome... death!"

####...##.# #†## #.
........ #... #.###.#
.## ....[...
#....##.#.##.#####.#
........
#.#.##....Y..##
........
##.##c#######.#
........ #.# ........)#
........
#'#########c#'#........
##.).#(#...##T#........
#.#)#@#.#.# .##.......
###...c.### Z##.......
#......8# .W##......
####.#### ## #......
#.....# ##..... ##.#.##
#..... #...# ##....
##.## #.... #.# #....


You could see a centaur warrior and a friendly lightning spire (summoned).

Vanquished Creatures
  Pikel (D:5)
  A troll (D:9)
  A wyvern (D:8)
  A vampire mosquito (D:9)
  A black bear (D:8)
  A steam dragon (D:8)
  A soldier ant (shapeshifter) (D:9)
  An orc warrior (D:7)
  4 sky beasts
  An ice beast (D:8)
  5 ogres
  A phantom (D:8)
  A centaur (D:7)
  2 necrophages (D:7)
  4 bullfrogs
  A water moccasin zombie (D:7)
  4 scorpions
  13 killer bees
  A howler monkey (D:5)
  A bullfrog zombie (D:9)
  4 hounds
  8 orc wizards
  2 orc priests
  A jelly (D:5)
  2 iguanas
  10 worker ants
  A hound zombie (D:8)
  A hound skeleton (D:9)
  A worker ant zombie (D:5)
  A gnoll (D:6)
  A howler monkey skeleton (D:4)
  9 adders
  A white imp (D:7)
  An ufetubus (D:5)
  2 adder skeletons
  3 worms
  2 dart slugs
  6 leopard geckos
  24 orcs
  2 ball pythons
  6 giant cockroaches
  8 goblins
  4 hobgoblins
  12 jackals
  2 quokkas
  6 bats
  4 frilled lizards
  5 kobolds
  7 rats
182 creatures vanquished.

Vanquished Creatures (collateral kills)
  A wyvern (D:9)
  An ice beast (D:9)
  2 black bears
  4 phantoms
  2 ogres
  2 centaurs
  A lemure (D:5)
  3 bullfrogs
  3 killer bees (D:9)
  A bullfrog skeleton (D:9)
  A bullfrog zombie (D:7)
  3 orc wizards (D:7)
  2 hounds
  4 orc priests
  A gnoll shaman (D:6)
  A hound skeleton (D:5)
  A worker ant zombie (D:5)
  6 gnolls
  A howler monkey skeleton (D:5)
  A shadow imp (D:8)
  A white imp (D:6)
  3 ufetubi
  2 adder skeletons
  An adder zombie (D:5)
  13 orcs
  A goblin (D:6)
  A jackal (D:5)
  A quokka (D:6)
  A leopard gecko skeleton (D:4)
  A quokka skeleton (D:6)
66 creatures vanquished.

Vanquished Creatures (others)
  A yak (D:8)
  A black bear (D:8)
  43 plants (D:3)
45 creatures vanquished.

Grand Total: 293 creatures vanquished

Notes
Turn   | Place    | Note
-------+----------+-------------------------------------------
     0 | D:1      | Apogee the Deep Elf Necromancer began the quest for the
                  | Orb.
     0 | D:1      | Reached XP level 1. HP: 10/10 MP: 6/6
   139 | D:1      | Reached skill level 5 in Necromancy
   396 | D:1      | Reached XP level 2. HP: 13/15 MP: 3/8
  1138 | D:2      | Found a broken altar of Ashenzari.
  1201 | D:2      | Found a basalt altar of Yredelemnul.
  1228 | D:2      | Reached XP level 3. HP: 15/19 MP: 4/10
  1811 | D:2      | Noticed a moth of wrath
  1813 | D:2      | Found a bloodstained altar of Trog.
  1952 | D:2      | Learned a level 1 spell: Animate Skeleton
  2088 | D:3      | Found a snail-covered altar of Cheibriados.
  2448 | D:3      | Noticed a bullfrog
  2456 | D:3      | Killed a bullfrog
  2456 | D:3      | Reached skill level 5 in Spellcasting
  2456 | D:3      | Reached skill level 6 in Necromancy
  2456 | D:3      | Reached XP level 4. HP: 16/24 MP: 9/13
  2807 | D:3      | Found a shimmering altar of Xom.
  2820 | D:3      | Found a shimmering altar of Xom.
  2820 | D:3      | Found a shimmering altar of Xom.
  2822 | D:3      | Found a shimmering altar of Xom.
  2823 | D:3      | Found a shimmering altar of Xom.
  2881 | D:3      | Reached XP level 5. HP: 7/28 MP: 6/15
  3202 | D:3      | Learned a level 3 spell: Vampiric Draining
  3207 | D:3      | Learned a level 4 spell: Animate Dead
  3331 | D:3      | Reached skill level 7 in Necromancy
  3505 | D:3      | Reached XP level 6. HP: 31/32 MP: 14/17
  3843 | D:4      | Learned a level 2 spell: Blink
  3846 | D:4      | Learned a level 2 spell: Call Imp
  4516 | D:4      | Found a staircase to the Ecumenical Temple.
  4664 | Temple   | Entered the Ecumenical Temple
  4704 | Temple   | Became a worshipper of Kikubaaqudgha
  5086 | D:5      | Entered Level 5 of the Dungeon
  5380 | D:5      | Reached skill level 8 in Necromancy
  5380 | D:5      | Reached XP level 7. HP: 34/36 MP: 16/20
  5583 | D:5      | Noticed Pikel
  6647 | D:6      | Reached * piety under Kikubaaqudgha
  6647 | D:6      | Identified Kikubaaqudgha's Handbook of Stolen Souls
                  | (Kikubaaqudgha gifted it to you on level 6 of the Dungeon)
  6647 | D:6      | Received a gift from Kikubaaqudgha
  6655 | D:6      | Learned a level 5 spell: Agony
  6970 | D:6      | Reached skill level 9 in Necromancy
  7349 | D:5      | Reached XP level 8. HP: 22/41 MP: 19/23
  8457 | D:5      | Reached skill level 10 in Necromancy
  8749 | D:5      | Reached skill level 11 in Necromancy
  8857 | D:5      | Killed Pikel
  9105 | D:6      | Reached XP level 9. HP: 45/45 MP: 19/24
  9111 | D:6      | Reached skill level 12 in Necromancy
  9202 | D:6      | Found a radiant altar of Vehumet.
  9470 | D:6      | Learned a level 4 spell: Summon Lightning Spire
  9758 | D:7      | Reached skill level 1 in Air Magic
  9770 | D:7      | Gained mutation: You tend to lose your temper in combat.
                  | [potion of mutation]
  9770 | D:7      | Gained mutation: You are frail. (-10% HP) [potion of
                  | mutation]
  9770 | D:7      | Gained mutation: You are very frail. (-20% HP) [potion of
                  | mutation]
  9770 | D:7      | Lost mutation: You tend to lose your temper in combat.
                  | [potion of mutation]
  9771 | D:7      | Lost mutation: You are very frail. (-20% HP) [potion of
                  | mutation]
  9771 | D:7      | Lost mutation: You are frail. (-10% HP) [potion of
                  | mutation]
  9771 | D:7      | Gained mutation: Armour fits poorly on your strangely
                  | shaped body. [potion of mutation]
  9771 | D:7      | Gained mutation: You are agile. (Dex +2) [potion of
                  | mutation]
 10039 | D:7      | Reached ** piety under Kikubaaqudgha
 10507 | D:7      | Found an opulent altar of Gozag.
 10707 | D:7      | Noticed a +0 hand axe
 10708 | D:7      | Noticed a +0 hand axe
 10710 | D:7      | Found a hide-covered altar of Uskayaw.
 11022 | D:7      | Reached skill level 13 in Necromancy
 11894 | D:8      | Found a staircase to the Lair.
 11926 | D:8      | Reached skill level 5 in Summonings
 11926 | D:8      | Reached XP level 10. HP: 42/50 MP: 4/25
 12084 | D:8      | Found a hazy altar of Hepliaklqana.
 12121 | D:8      | Reached *** piety under Kikubaaqudgha
 12121 | D:8      | Identified Kikubaaqudgha's Almanac of Sinister Secrets
                  | (Kikubaaqudgha gifted it to you on level 8 of the Dungeon)
 12121 | D:8      | Received a gift from Kikubaaqudgha
 12128 | D:8      | Learned a level 4 spell: Dispel Undead
 12569 | D:8      | Reached skill level 1 in Fighting
 13567 | D:9      | Reached skill level 5 in Stealth
 13736 | D:9      | Identified the ring "Waebagor" {rElec rC+ rN+ Int-2}
 13864 | D:9      | Identified the ring of the Worm {+Blink rF+ rC- rN+++
                  | Dex+3}
 13864 | D:9      | Noticed a centaur warrior
 13876 | D:9      | HP: 2/56 [centaur warrior (11)]
 13877 | D:9      | Mangled by a centaur warrior

Illustrated notes

Levels and vault maps discovered:
D:1:      dpeg_arrival_pits, layout_basic, kennysheep_crisscross
D:2:      layout_rooms, overflow_temple_1_default, tgw_trog,
          yredelemnul_forgotten_temple_becter
D:3:      layout_loops_corners, cheibriados_altar_1, xom_redecorated,
          serial_bayou, serial_bayou_pond_d, serial_bayou_lagoon_a,
          serial_bayou_pond_c, serial_bayou_pond_d
D:4:      layout_basic, minmay_temple_entry_enclosed_plants
D:5:      layout_loops_ring, nzn_random_ring, uniq_pikel
D:6:      layout_loops_cross, vehumet_altar_wand_db
D:7:      layout_basic, dancing_weapons_uskayaw, old_standard_altar,
          kennysheep_generic_room_12
D:8:      layout_cave_pods, david_lair_generic, basic_altar
D:9:      minmay_the_grid_triangle_9x9_rhombus_thin
          [minmay_the_grid_triangle_9x9_alien,
          minmay_the_grid_triangle_9x9_prize_special,
          minmay_the_grid_triangle_9x9_thin_v,
          minmay_the_grid_triangle_9x9_flanged_cone], layout_irregular_city,
          lemuel_round_altar, kennysheep_mini,
          hangedman_abyss_or_decor_jellyfish_corner, uniq_prince_ribbit1
Temple:   minmay_temple_bridge_abc

Skill      XL: |  1  2  3  4  5  6  7  8  9 10 |
---------------+-------------------------------+-----
Necromancy     | 5 6 7 8 9 11 13 | 13.4
Spellcasting   | 4 5 6 7 9 |  9.0
Summonings     | 2 5 6 |  6.0
Translocations | 2 |  2.0
Air Magic      | 4 |  4.0
Fighting       | 3 |  3.0
Stealth        | 5 |  5.6
Dodging        | |  2.4

Action                   |  1- 3 |  4- 6 |  7- 9 | 10-12 || total
-------------------------+-------+-------+-------+-------++-------
Melee: Dagger            |       |     3 |   111 |    19 ||   133
       Whip              |       |       |    75 |       ||    75
Throw: Stone             |       |       |     8 |     2 ||    10
 Cast: Pain              |    76 |    85 |    72 |    12 ||   245
       Animate Dead      |       |     1 |     3 |       ||     4
       Call Imp          |       |    14 |    64 |     1 ||    79
       Vampiric Draining |       |     7 |    76 |    31 ||   114
       Blink             |       |       |     2 |       ||     2
       Summon Lightning  |       |       |    16 |     9 ||    25
       Dispel Undead     |       |       |       |     6 ||     6
Evoke: Wand              |       |       |     4 |       ||     4
  Use: Potion            |       |       |     7 |       ||     7
       Scroll            |       |       |       |     8 ||     8
 Stab: Distracted        |       |       |     2 |     1 ||     3
       Sleeping          |       |       |     1 |     1 ||     2
Armor: Robe              |     4 |     4 |    52 |     3 ||    63
       Skin              |       |       |    37 |       ||    37
Dodge: Dodged            |     9 |    14 |   197 |    48 ||   268

Table legend: (Time is in decaauts)
 A = Elapsed time spent in this place.
 B = Non-inter-level travel time spent in this place.
 C = Inter-level travel time spent in this place.
 D = Time resting spent in this place.
 E = Time spent auto-exploring this place.
 F = Levels seen in this place.
 G = Mean time per level.
                   A        B        C        D        E       F      G
               +--------+--------+--------+--------+--------+-----+--------+
         Total |  13896 |  13229 |    667 |   1422 |   9655 |  10 | 1389.6 |
       Dungeon |  13835 |  13188 |    647 |   1422 |   9623 |   9 | 1537.2 |
        Temple |     60 |     41 |     19 |      0 |     32 |   1 |   60.0 |
               +--------+--------+--------+--------+--------+-----+--------+

Top non-repeatable levels by time:
     D:5: 2824 daAuts
     D:3: 1828 daAuts
     D:4: 1734 daAuts
     D:7: 1711 daAuts
     D:8: 1500 daAuts
     D:6: 1329 daAuts
     D:1: 987 daAuts
     D:2: 969 daAuts
     D:9: 948 daAuts
  Temple: 60 daAuts
